 Dungeon Sprint DCSS version 0.30.0-2-g1aa4bd4387 (webtiles) character file.

Game seed: 4413218497119808916

295 EarthwalkerPL the Fighter (level 6, -6/63 HPs)
             Began as a Minotaur Fighter on May 7, 2023.
             Mangled by a wyvern (7 damage)
             ... in the Dungeon (Sprint II: "The Violet Keep of Menkaure").
             The game lasted 00:01:13 (288 turns).

EarthwalkerPL the Fighter (Minotaur Fighter)         Turns: 288, Time: 00:01:14

Health: -6/63      AC:  8    Str: 22    XL:     6   Next: 11%
Magic:  5/5        EV:  9    Int:  5    God:
Gold:   243        SH:  5    Dex: 10    Spells: 5/5 levels left

rFire   . . .        a - +0 war axe
rCold   . . .        c - +0 buckler
rNeg    . . .        b - +0 scale mail
rPois   .            (helmet restricted)
rElec   .            (no cloak)
rCorr   .            (no gloves)
SInv    .            (no boots)
Will    .....        (no amulet) Stlth
                     (no ring)
HPRegen 0.30/turn    (no ring)
MPRegen 0.09/turn

%: no teleportation
@: no status effects
A: horns 2, retaliatory headbutt
a: no special abilities


You were in the Dungeon.
You visited 1 branch You collected 243 gold pieces.

Inventory:

Hand Weapons
 a - a +0 war axe (weapon)
Armour
 b - a +0 scale mail (worn)
 c - a +0 buckler (worn)
Scrolls
 j - a scroll of blinking
Potions
 d - a potion of might
 g - a potion of haste
 h - 2 potions of magic
 i - a potion of berserk rage


   Skills:
 * Level 9.0 Fighting
 * Level 8.6 Axes
 * Level 8.9 Armour
 + Level 6.8 Shields


You had 5 spell levels left.
You didn't know any spells.
Your spell library was empty.

Dungeon Overview and Level Annotations

Branches:
Dungeon (1/1)

Altars:

Annotations:
D exclusion: obsidian statue


Innate Abilities, Weirdness & Mutations

You have a pair of horns on your head.
You reflexively headbutt those who attack you in melee.


Message History

You barely miss the wyvern. You headbutt the wyvern!
The wyvern is heavily wounded.
You block the wyvern's attack.
The wyvern bites you but does no damage.
You closely miss the wyvern. You headbutt the wyvern.
The wyvern is heavily wounded.
The wyvern bites you.
The wyvern bites you but does no damage.
You barely miss the wyvern. Your headbutt misses the wyvern.
The wyvern is heavily wounded.
The wyvern bites you! The wyvern bites you.
You slash the wyvern! Your headbutt misses the wyvern.
The wyvern is almost dead.
The wyvern bites you! You block the wyvern's attack.
You are too injured to fight recklessly!
You are too injured to fight recklessly!
Unknown command.
You hit the wyvern.
You kill the wyvern!
The wyvern bites you!
* * * LOW HITPOINT WARNING * * *
Your Fighting skill gained 2 levels and is now at level 9!
Your Axes skill increases to level 8!
Your Armour skill increases to level 8!
Your Shields skill increases to level 6!
You have reached level 6!
You hit the wyvern.
The wyvern is lightly wounded.
The wyvern bites you.
* * * LOW HITPOINT WARNING * * *
You block the wyvern's attack.
You hit the wyvern.
The wyvern is moderately wounded.
The wyvern bites you!
* * * LOW HITPOINT WARNING * * *
You slash the wyvern! You headbutt the wyvern.
The wyvern is almost dead.
The wyvern bites you.
* * * LOW HITPOINT WARNING * * *
The wyvern bites you!
You die...

#~~#+++#+++##
~~~...†.....#
~~~~.##'##..#
~~~ ###..## #
~ #.##..#
##.#.## #
##'## .#
##.##.#
+.<@l#
##.##.# #+#
.# #


You could see a wyvern.

Vanquished Creatures
  A wyvern (D)
  Menkaure (D)
  A water moccasin (D)
  3 worms (D)
6 creatures vanquished.

Notes
Turn   | Place    | Note
-------+----------+-------------------------------------------
     0 | D        | EarthwalkerPL the Minotaur Fighter began the quest for the
                  | Orb.
     0 | D        | Reached XP level 1. HP: 19/19 MP: 0/0
    11 | D        | Reached skill level 4 in Fighting
    19 | D        | Reached XP level 2. HP: 14/28 MP: 1/1
    43 | D        | Noticed an obsidian statue
    43 | D        | Noticed Menkaure
    45 | D        | Killed Menkaure
    46 | D        | Reached skill level 5 in Fighting
    46 | D        | Reached skill level 5 in Axes
    46 | D        | Reached skill level 5 in Armour
    46 | D        | Reached XP level 3. HP: 27/37 MP: 2/2
    87 | D        | Noticed a water moccasin
    99 | D        | Killed a water moccasin
   100 | D        | Reached skill level 7 in Fighting
   100 | D        | Reached skill level 5 in Shields
   100 | D        | Reached XP level 4. HP: 8/47 MP: 3/3
   100 | D        | Reached XP level 5. HP: 9/52 MP: 4/4
   279 | D        | Noticed a wyvern
   279 | D        | Noticed a wyvern
   285 | D        | Killed a wyvern
   286 | D        | Reached skill level 9 in Fighting
   286 | D        | Reached XP level 6. HP: 13/63 MP: 5/5
   287 | D        | HP: 3/63 [wyvern (9)]
   288 | D        | HP: 1/63 [wyvern (2)]
   288 | D        | Mangled by a wyvern

Illustrated notes

Levels and vault maps discovered:
D:        the_violet_keep_of_menkaure [sprint2_stairs_cluster_1,
          sprint2_shoproom, sprint2_temple, sprint2_basic_supplies,
          sprint2_obstacle_4, sprint2_obstacle_7, sprint2_obstacle_3,
          sprint2_obstacle_5, sprint2_obstacle_1, sprint2_timed_cluster_1,
          sprint2_smallroom_cluster_1, sprint2_smallroom_final_cluster_1,
          sprint2_transparent_cluster_1, sprint2_second_timed_cluster_1,
          sprint2_sniper_area_1, sprint2_heavy_combat_area_1,
          sprint2_mutation_trap_area_1, sprint2_forest_area_1,
          sprint2_light_combat_area_1, sprint2_behind_water_1,
          sprint2_near_end_vault_1]

Skill      XL: |  1  2  3  4  5 |
---------------+----------------+-----
Fighting       | 4 5 7 9 |  9.0
Axes           | 3 5 7 8 |  8.6
Armour         | 4 5 7 8 |  8.9
Shields        | 4 5 6 |  6.8

Action                     |  1- 3 |  4- 6 || total
---------------------------+-------+-------++-------
  Melee: War axe           |    25 |     9 ||    34
         Headbutt          |     4 |     3 ||     7
    Use: Potion            |     2 |       ||     2
 Armour: Scale mail        |     5 |     2 ||     7
  Dodge: Dodged            |     9 |       ||     9
  Block: Buckler           |     2 |     3 ||     5
